 Dungeon Crawl Stone Soup version 0.23.2 (webtiles) character file.

Game seed: 9174974957752961310

175 poirepourri the Magician (level 5, -11/35 HPs)
             Began as a Mummy Conjurer on Apr 5, 2019.
             Mangled by Menkaure (15 damage)
             ... on level 4 of the Dungeon.
             The game lasted 00:03:13 (2941 turns).

poirepourri the Magician (Mummy Conjurer)           Turns: 2941, Time: 00:03:14

Health: -11/35     AC:  9    Str: 11    XL:     5   Next: 29%
Magic:  8/14       EV:  9    Int: 11    God:
Gold:   229        SH:  0    Dex: 13    Spells: 14/17 levels left

rFire    x . .     SeeInvis .   e - +2 short sword (venom)
rCold    + . .     Gourm    .   (no shield)
rNeg     + + +     Faith    .   f - +0 scale mail (curse)
rPois    ∞         Spirit   .   k - +1 helmet
rElec    .         Reflect  .   (no cloak)
rCorr    .         Harm     .   d - +0 pair of gloves
MR       .....                  (no boots)
Stlth    ..........             (no amulet)
HPRegen  0.11/turn              b - -4 ring of intelligence (curse)
MPRegen  0.14/turn              (no ring)

@: very slightly contaminated
A: no food or potions, fire vulnerability, cold resistance 1, negative energy
resistance 3, torment resistance, unbreathing
a: no special abilities


You were on level 4 of the Dungeon.
You were not hungry.

You visited 1 branch of the dungeon, and saw 4 of its levels.

You collected 229 gold pieces.

Inventory:

Hand Weapons
 e - a +2 short sword of venom (weapon)
Missiles
 g - a throwing net (quivered)
Armour
 a - a +0 robe
 d - a +0 pair of gloves (worn)
 f - a cursed +0 scale mail (worn)
 h - a +2 hat
 k - a +1 helmet (worn)
Jewellery
 b - a cursed -4 ring of intelligence (left hand)
Wands
 l - a wand of iceblast (9)
Scrolls
 c - 6 scrolls of teleportation
 i - 2 scrolls of fog


   Skills:
 - Level 1.5 Dodging
 - Level 1.5 Stealth
 + Level 6.9 Spellcasting
 - Level 3.2 Conjurations


You had 14 spell levels left.
You knew the following spells:

 Your Spells              Type           Power        Failure   Level  Hunger
a - Magic Dart            Conj           ##..         30%         1    N/A
b - Searing Ray           Conj           ##....       41%         2    N/A

Your spell library contained the following spells:

 Spells                   Type           Power        Failure   Level  Hunger
 Dazzling Spray           Conj/Hex       #.....       86%         3    N/A
 Iskenderun's Mystic Bla  Conj           ##......     96%         4    N/A
 Force Lance              Conj/Tloc      #.......     99%         4    N/A
 Fulminant Prism          Conj/Hex       #.........   99%         4    N/A

Dungeon Overview and Level Annotations

Branches:
Dungeon (4/15)
 Temple: D:4-7

Altars:
Ru
Zin

Annotations:
D:4 Menkaure


Innate Abilities, Weirdness & Mutations

You do not eat or drink.
Your flesh is vulnerable to fire.
You are immune to poison.
Your flesh is cold resistant. (rC+)
You are immune to negative energy. (rN+++)
You are immune to unholy pain and torment.
You can survive without breathing.


Message History

Casting: Searing Ray (safe; 41% risk of failure)
Confirm with . or Enter, or press ? or * to list all spells.
Aiming: Searing Ray (safe; 41% risk of failure)
Press: ? - help, Shift-Dir - straight line, f/p - Menkaure
Aim: Menkaure (fast)
The searing ray hits Menkaure.
Menkaure is lightly damaged. (Press . to maintain the ray.) Menkaure hits you!
The searing ray hits Menkaure.
Menkaure is lightly damaged.
Menkaure hits you!
The searing ray hits Menkaure.
Menkaure is moderately damaged.
Menkaure hits you!
* * * LOW HITPOINT WARNING * * *
The searing ray hits Menkaure!
Menkaure is heavily damaged.
You finish channeling your searing ray.
Menkaure hits you!
You die...

#.#.# #.#.
##.#. ...
...
#######.# #
........#.#
......M@..#
###########


You could see Menkaure.

Vanquished Creatures
  5 adders
  7 gnolls
  An ooze (D:3)
  3 worms
  3 leopard geckos
  A ball python (D:2)
  2 bats
  3 giant cockroaches
  9 hobgoblins
  2 jackals (D:2)
  2 frilled lizards
  2 goblins
  6 kobolds
  3 rats
49 creatures vanquished.

Notes
Turn   | Place    | Note
-------+----------+-------------------------------------------
     0 | D:1      | poirepourri the Mummy Conjurer began the quest for the Orb.
     0 | D:1      | Reached XP level 1. HP: 13/13 MP: 4/4
    57 | D:1      | Reached skill level 3 in Spellcasting
   459 | D:1      | Reached XP level 2. HP: 16/19 MP: 0/6
   563 | D:1      | Learned a level 2 spell: Searing Ray
   962 | D:2      | Found a glowing silver altar of Zin.
   967 | D:2      | Reached skill level 4 in Spellcasting
  1236 | D:2      | Reached XP level 3. HP: 12/24 MP: 1/9
  1426 | D:2      | Reached skill level 5 in Spellcasting
  1689 | D:2      | Reached XP level 4. HP: 20/30 MP: 11/11
  2335 | D:3      | Reached skill level 6 in Spellcasting
  2585 | D:3      | Found a sacrificial altar of Ru.
  2648 | D:3      | Reached XP level 5. HP: 18/35 MP: 9/14
  2932 | D:4      | Noticed Menkaure
  2941 | D:4      | Mangled by Menkaure

Skill      XL: |  1  2  3  4 |
---------------+-------------+-----
Spellcasting   | 3 4 5 6 |  6.9
Dodging        | |  1.5
Stealth        | |  1.5
Conjurations   | |  3.2

Action                   |  1- 3 |  4- 6 || total
-------------------------+-------+-------++-------
Melee: Unarmed           |    15 |       ||    15
       Short sword       |    42 |    38 ||    80
 Cast: Magic Dart        |    47 |    20 ||    67
       Searing Ray       |     2 |     6 ||     8
  Use: Scroll            |     2 |     2 ||     4
Armor: Robe              |     8 |       ||     8
       Scale mail        |    21 |    20 ||    41
Dodge: Dodged            |    42 |    24 ||    66
